 Dungeon Sprint DCSS version 0.28-a0-883-gc8d7bad45d (webtiles) character file.

Game seed: 17322598201486473918

289 mhtbhm the Protected (level 6, -14/44 HPs)
             Began as a Gargoyle Fighter on Nov 22, 2021.
             Was an Initiate of Gozag.
             Demolished by a two-headed ogre (17 damage)
             ... in the Dungeon (Sprint IX: "|||||||||||||||||||||||||||||").
             The game lasted 00:01:32 (273 turns).

mhtbhm the Protected (Gargoyle Fighter)              Turns: 273, Time: 00:01:33

Health: -14/44     AC: 12    Str: 22    XL:     6   Next: 31%
Magic:  6/6        EV: 10    Int:  8    God:    Gozag
Gold:   0          SH:  5    Dex:  9    Spells: 5/5 levels left

rFire   . . .      SeeInvis .   a - +0 flail
rCold   . . .      Faith    .   c - +0 buckler
rNeg    + . .      Spirit   .   b - +0 scale mail
rPois   ∞          Reflect  .   (no helmet)
rElec   +          Harm     .   (no cloak)
rCorr   .          Rampage  .   (no gloves)
Will    .....      NoTele   +   (no boots)
Stlth   ..........              (no amulet)
HPRegen 0.14/turn               (no ring)
MPRegen 0.10/turn               (no ring)

@: no status effects
A: sickness immunity, AC +4, negative energy resistance 1, electricity
resistance, torment resistance 1, petrification resistance
a: Renounce Religion, Potion Petition, Call Merchant, Bribe Branch


You were in the Dungeon.
You worshipped Gozag.
Gozag was noncommittal.
You visited 1 branch

Inventory:

Hand Weapons
 a - a +0 flail (weapon)
Armour
 b - a +0 scale mail (worn)
 c - a +0 buckler (worn)
Jewellery
 m - a +3 ring of strength
 n - a +3 ring of strength
Wands
 l - a wand of acid (7)
Scrolls
 j - 2 scrolls of blinking
 k - 2 scrolls of amnesia
Potions
 d - a potion of might
 e - 5 potions of curing
 f - a potion of invisibility
 h - 4 potions of magic
 i - a potion of heal wounds


   Skills:
 + Level 7.6 Fighting
 + Level 5.0 Maces & Flails
 + Level 8.7 Armour
 + Level 1.6 Dodging
 + Level 7.9 Shields


You had 5 spell levels left.
You didn't know any spells.
Your spell library was empty.

Dungeon Overview and Level Annotations

Branches:
Dungeon (1/1)

Altars:
Cheibriados
Dithmenos
Elyvilon
Fedhas
Gozag
Hepliaklqana
Kikubaaqudgha
Makhleb
Nemelex Xobeh
Okawaru
Qazlal
Ru
Sif Muna
Trog
Uskayaw
Vehumet
Wu Jian
Xom
Yredelemnul
Zin
The Shining One
Beogh
Jiyva
Lugonu


Innate Abilities, Weirdness & Mutations

You are immune to sickness and miasma.
Your stone body is resilient. (AC +4)
You are immune to poison.
You resist negative energy. (rN+)
You are resistant to electric shocks. (rElec)
You are resistant to unholy torment.
You are immune to petrification.


Message History

Press: ? - help, Shift-Dir - straight line, f - two-headed ogre
Aim: a two-headed ogre, wielding a +0 great mace and a +0 giant club (86% to hit)
The bolt of acid hits the two-headed ogre!
The two-headed ogre is moderately wounded.
The bolt of acid hits the two-headed ogre!
The acid corrodes the two-headed ogre!
The two-headed ogre is moderately wounded.
Unknown command.
Aiming: Corrosive Bolt
Press: ? - help, Shift-Dir - straight line, f/p - two-headed ogre
Aim: a two-headed ogre, wielding a +0 great mace and a +0 giant club (moderately wounded, 86% to hit)
The bolt of acid hits the two-headed ogre.
The acid corrodes the two-headed ogre!
The two-headed ogre is moderately wounded.
The bolt of acid misses the two-headed ogre.
Unknown command.
Aiming: Corrosive Bolt
Press: ? - help, Shift-Dir - straight line, f/p - two-headed ogre
Aim: a two-headed ogre, wielding a +0 great mace and a +0 giant club (moderately wounded, covered in acid, 86% to hit)
The bolt of acid hits the two-headed ogre!
The two-headed ogre is heavily wounded.
The bolt of acid misses the two-headed ogre.
The bolt of acid hits the howler monkey!
The acid corrodes the howler monkey!
The howler monkey is almost dead.
Unknown command.
Okay, then.
Okay, then.
You sock the two-headed ogre!
The two-headed ogre is severely wounded.
The two-headed ogre hits you with a +0 great mace!!
You block the two-headed ogre's attack.
The howler monkey hoots and howls with incredible vigour!
You thump the two-headed ogre!
The two-headed ogre is almost dead.
The two-headed ogre hits you with a +0 great mace!
* * * LOW HITPOINT WARNING * * *
The two-headed ogre hits you with a +0 giant club!
You die...
Your body crumbles into a pile of gold.

▓▓▓
▓<▓
▓@▓
▓O▓
▓O▓
▓)▓
▓h▓
▓y▓
▓o▓
▓.▓
▓.▓


You could see 2 two-headed ogres, an orc warrior, a vampire mosquito and a
howler monkey (catching breath, corroded).

Vanquished Creatures
  A black bear (D)
  A centaur (D)
  A scorpion (D)
  A hound (D)
  A jelly (D)
  A ball python (D)
  A hobgoblin (D)
  A frilled lizard (D)
  A goblin (D)
  A rat (D)
10 creatures vanquished.

Notes
Turn   | Place    | Note
-------+----------+-------------------------------------------
     0 | D        | mhtbhm the Gargoyle Fighter began the quest for the Orb.
     0 | D        | Reached XP level 1. HP: 14/14 MP: 1/1
    67 | D        | Noticed a hound
    67 | D        | Noticed a centaur
    67 | D        | Noticed a jelly
    67 | D        | Noticed a scorpion
    67 | D        | Noticed a black bear
    70 | D        | Killed a hound
    71 | D        | Reached skill level 5 in Armour
    71 | D        | Reached skill level 5 in Shields
    71 | D        | Reached XP level 2. HP: 20/20 MP: 2/2
    71 | D        | Reached XP level 3. HP: 24/24 MP: 3/3
    74 | D        | Killed a centaur
    75 | D        | Reached skill level 6 in Armour
    75 | D        | Reached XP level 4. HP: 20/32 MP: 4/4
    77 | D        | Reached skill level 7 in Armour
    77 | D        | Reached skill level 1 in Dodging
    77 | D        | Reached XP level 5. HP: 18/37 MP: 5/5
    86 | D        | Reached skill level 8 in Armour
    89 | D        | Killed a black bear
    90 | D        | Reached skill level 5 in Maces & Flails
    90 | D        | Reached XP level 6. HP: 35/44 MP: 6/6
   144 | D        | Found a snail-covered altar of Cheibriados.
   144 | D        | Found a shadowy altar of Dithmenos.
   144 | D        | Found a white marble altar of Elyvilon.
   144 | D        | Found a blossoming altar of Fedhas.
   144 | D        | Found an opulent altar of Gozag.
   145 | D        | Found a hazy altar of Hepliaklqana.
   146 | D        | Found a viscous altar of Jiyva.
   147 | D        | Found an ancient bone altar of Kikubaaqudgha.
   148 | D        | Found a corrupted altar of Lugonu.
   149 | D        | Found a burning altar of Makhleb.
   150 | D        | Found a sparkling altar of Nemelex Xobeh.
   151 | D        | Found an iron altar of Okawaru.
   152 | D        | Found a stormy altar of Qazlal.
   153 | D        | Found a sacrificial altar of Ru.
   154 | D        | Found a shimmering blue altar of Sif Muna.
   155 | D        | Found a bloodstained altar of Trog.
   156 | D        | Found a hide-covered altar of Uskayaw.
   157 | D        | Found a radiant altar of Vehumet.
   164 | D        | Became a worshipper of Gozag Ym Sagoz the Greedy
   171 | D        | Found an ornate altar of the Wu Jian Council.
   172 | D        | Found a shimmering altar of Xom.
   173 | D        | Found a basalt altar of Yredelemnul.
   174 | D        | Found a glowing silver altar of Zin.
   175 | D        | Found a glowing golden altar of the Shining One.
   183 | D        | Found the +7 captain's cutlass {speed, disarm}
   199 | D        | Noticed a two-headed ogre
   199 | D        | Noticed a two-headed ogre
   199 | D        | Noticed a vampire mosquito
   199 | D        | Noticed an orc warrior
   273 | D        | Demolished by a two-headed ogre

Illustrated notes

Levels and vault maps discovered:
D:        linesprint [early_d, line_temple, items_1, d_10, items_2, lair_1,
          lair_end, items_3, orc_1, orc_end, items_4, d_15, swamp_1, shoals_1,
          snake_1, spider_1, d_20, vaults_1, items_5, swamp_end, shoals_end,
          snake_end, spider_end, vaults_end, d_27, items_6, zot_1, zot_end,
          crypt_end, forest_end, elf_end, slime_end, tomb_end, abyss_end,
          pan_hell_end]

Skill      XL: |  1  2  3  4  5 |
---------------+----------------+-----
Shields        | 5 6 7 |  7.9
Fighting       | 4 6 7 |  7.6
Armour         | 5 6 7 8 |  8.7
Maces & Flails | 3 5 |  5.0
Dodging        | 1 |  1.6

Action                   |  1- 3 |  4- 6 || total
-------------------------+-------+-------++-------
Melee: Flail             |    15 |    18 ||    33
Evoke: Wand              |       |     3 ||     3
  Use: Potion            |     1 |     3 ||     4
Armor: Scale mail        |     6 |     3 ||     9
Dodge: Dodged            |     9 |     9 ||    18
Block: Buckler           |     4 |     7 ||    11

Table legend: (Time is in decaauts)
 A = Elapsed time spent in this place.
 B = Non-inter-level travel time spent in this place.
 C = Inter-level travel time spent in this place.
 D = Time resting spent in this place.
 E = Time spent auto-exploring this place.
 F = Levels seen in this place.
 G = Mean time per level.
                   A        B        C        D        E       F      G
               +--------+--------+--------+--------+--------+-----+--------+
         Total |    271 |    271 |      0 |    120 |      3 |   1 |  271.0 |
       Dungeon |    271 |    271 |      0 |    120 |      3 |   1 |  271.0 |
               +--------+--------+--------+--------+--------+-----+--------+

Top non-repeatable levels by time:
       D: 271 daAuts
